 Dungeon Crawl Stone Soup version 0.28.0-1-gb440e238dd (webtiles) character file.

Game seed: 16496761072819472946

1107 Zeld the Chiller (level 8, -1/52 HPs)
             Began as a Merfolk Ice Elementalist on Feb 24, 2022.
             Was an Initiate of Vehumet.
             Slain by a gnoll shaman (10 damage)
             ... on level 6 of the Dungeon.
             The game lasted 00:07:48 (8848 turns).

Zeld the Chiller (Merfolk Ice Elementalist)         Turns: 8848, Time: 00:07:49

Health: -1/52      AC:  5    Str:  9    XL:     8   Next: 33%
Magic:  12/16      EV: 14    Int: 16    God:    Vehumet [......]
Gold:   267        SH:  0    Dex: 14    Spells: 7/18 levels left

rFire   . . .      SeeInvis .   a - +2 trident (venom)
rCold   . . .      Faith    .   (no shield)
rNeg    . . .      Spirit   .   m - +0 robe
rPois   .          Reflect  .   h - +0 helmet
rElec   .          Harm     .   r - +1 cloak
rCorr   .          Rampage  .   (no gloves)
Will    .....                   (no boots)
Stlth   +++.......              (no amulet)
HPRegen 0.17/turn               j - ring of wizardry
MPRegen 0.15/turn               (no ring)

@: freezing walls
A: (nimble swimmer 2), mertail
a: Renounce Religion


You were on level 6 of the Dungeon.
You worshipped Vehumet.
Vehumet was noncommittal.
You visited 2 branches of the dungeon, and saw 7 of its levels.

You collected 267 gold pieces.

Inventory:

Hand Weapons
 a - a +2 trident of venom (weapon)
Armour
 h - a +0 helmet (worn)
 m - a +0 robe (worn)
 r - a +1 cloak (worn)
Jewellery
 j - a ring of wizardry (left hand)
Scrolls
 b - 2 scrolls of noise {unknown}
 c - 6 scrolls of identify {unknown}
 d - 2 scrolls of magic mapping {unknown}
 f - 3 scrolls of teleportation {unknown}
 k - 2 scrolls of enchant weapon {unknown}
 n - a scroll of brand weapon {unknown}
Potions
 e - 2 potions of haste {unknown}
 g - a potion of heal wounds {unknown}
 i - a potion of brilliance {unknown}
 l - 2 potions of lignification {unknown}
 o - a potion of berserk rage
 p - a potion of attraction {unknown}
 q - a potion of curing


   Skills:
 + Level 5.8 Dodging
 - Level 4.0 Stealth
 * Level 5.5 Spellcasting
 + Level 0.8 Conjurations
 * Level 7.6 Ice Magic


You had 7 spell levels left.
You knew the following spells:

 Your Spells              Type           Power      Damage    Failure   Level
a - Freeze                Ice            100%       1d11      1%          1
b - Frozen Ramparts       Ice            58%        1d7       1%          3
c - Ozocubu's Armour      Ice            29%        N/A       1%          3
d - Hailstorm             Conj/Ice       18%        3d6       10%         4

Your spell library contained the following spells:

 Spells                   Type           Power      Damage    Failure   Level
 Shock                    Conj/Air       20%        1d4       4%          1
 Summon Small Mammal      Summ           16%        N/A       6%          1
 Corpse Rot               Necr/Air       8%         N/A       9%          2
 Poisonous Vapours        Pois/Air       8%         N/A       9%          2
 Call Canine Familiar     Summ           4%         N/A       17%         3
 Summon Guardian Golem    Hex/Summ       4%         N/A       17%         3
 Swiftness                Air            4%         N/A       17%         3
 Tukima's Dance           Hex            4%         N/A       17%         3
 Airstrike                Air            2%         N/A       47%         4
 Anguish                  Hex/Necr       2%         N/A       47%         4
 Enfeeble                 Hex            2%         N/A       100%        7


Dungeon Overview and Level Annotations

Branches:
Dungeon (6/15)             Temple (1/1) D:4

Altars:
Ashenzari
Elyvilon
Fedhas
Gozag
Hepliaklqana
Kikubaaqudgha
Nemelex Xobeh
Okawaru
Qazlal
Trog
Uskayaw
Vehumet
Xom
Yredelemnul
Zin

Annotations:
D:5 Menkaure


Innate Abilities, Weirdness & Mutations

((You are very nimble when in or above water. (Stealth+, EV+, Speed+++)))
Your lower body shifts to a powerful aquatic tail in water.


Message History

* * * LOW HITPOINT WARNING * * *
The hound convulses! x2
The hound stops to sniff the ground.
There is a stone staircase leading down, spattered with blood here.
The hound barely misses you. x2
You climb downwards.
The gnoll shouts!
The gnoll shaman shouts!
The gnoll shouts! x2
Found 16 sling bullets.
There is a stone staircase leading up here.
Casting: Freeze (safe; 1% risk of failure)
Confirm with . or Enter, or press ? or * to list all spells.
Casting: Frozen Ramparts (safe; 1% risk of failure)
Press: ? - help, Dir - look around, f - activate A stone staircase leading up.
The walls around you are covered in ice.
The hound bites you.
* * * LOW HITPOINT WARNING * * *
The wall freezes the gnoll!
The gnoll hits you but does no damage.
The wall freezes the gnoll.
The gnoll misses you.
Unknown command.
Unknown command.
The hound bites you but does no damage.
The wall freezes the gnoll.
You kill the gnoll!
Vehumet accepts your kill. The hound bites you.
* * * LOW HITPOINT WARNING * * *
The wall freezes the gnoll!
You kill the gnoll!
Vehumet accepts your kill. The hound barely misses you.
The wall freezes the gnoll!
Casting: Frozen Ramparts (safe; 1% risk of failure)
Confirm with . or Enter, or press ? or * to list all spells.
Aiming: Freeze (safe; 1% risk of failure)
Press: ? - help, Shift-Dir - straight line, f - hound
Aim: a hound (moderately wounded)
You freeze the hound!
The hound is almost dead.
The wall freezes the hound.
The wall freezes the gnoll shaman.
The gnoll shaman hits you with a +0 whip!
You die...

... ...
....
.....
##+#.....
#......#
#).....#
#@h.g..#
#g.g...#
#gh....#
#......#
#......#
#......#
#...(..+
#......#


You could see a gnoll shaman, 2 hounds and 3 gnolls.

Vanquished Creatures
  Grinder (D:3)
  3 ogres
  A scorpion (D:5)
  A bullfrog zombie (D:5)
  2 jellies
  An orc priest (D:4)
  Natasha (thrice) (D:4)
  2 iguanas (D:4)
  3 orc wizards (D:4)
  A hound skeleton (D:4)
  Robin (D:2)
  5 gnolls
  5 adders
  An adder skeleton (D:4)
  2 worms
  3 dart slugs
  14 orcs
  9 ball pythons
  10 endoplasms
  5 giant cockroaches
  30 goblins
  16 hobgoblins
  7 jackals
  11 kobolds
  2 quokkas
  9 bats
  A frilled lizard (D:1)
  7 rats
156 creatures vanquished.

Notes
Turn   | Place    | Note
-------+----------+-------------------------------------------
     0 | D:1      | Zeld the Merfolk Ice Elementalist began the quest for the
                  | Orb.
     0 | D:1      | Reached XP level 1. HP: 13/13 MP: 3/3
   200 | D:1      | Reached XP level 2. HP: 19/19 MP: 1/5
   905 | D:1      | Reached XP level 3. HP: 7/24 MP: 0/6
   909 | D:1      | Learned a level 3 spell: Frozen Ramparts
  1417 | D:1      | Learned a level 3 spell: Ozocubu's Armour
  1853 | D:1      | Found a faded altar of an unknown god.
  2436 | D:2      | Reached skill level 5 in Ice Magic
  2436 | D:2      | Reached XP level 4. HP: 25/30 MP: 4/8
  2711 | D:2      | Noticed Robin
  2733 | D:2      | Killed Robin
  3162 | D:2      | Reached XP level 5. HP: 35/35 MP: 7/9
  3328 | D:2      | Found an opulent altar of Gozag.
  3623 | D:3      | Noticed Grinder
  4482 | D:3      | Paralysed by Grinder for 3 turns
  5575 | D:4      | Reached XP level 6. HP: 41/41 MP: 11/11
  5629 | D:4      | Found a staircase to the Ecumenical Temple.
  5639 | Temple   | Entered the Ecumenical Temple
  5895 | D:4      | Noticed Natasha
  6137 | D:4      | Killed Natasha
  6138 | D:4      | Reached skill level 6 in Ice Magic
  6247 | D:4      | Noticed Natasha
  6263 | D:4      | Killed Natasha
  6330 | D:4      | Noticed Natasha
  6335 | D:4      | Killed Natasha
  6336 | D:4      | Reached XP level 7. HP: 39/46 MP: 8/13
  6572 | D:4      | Found a radiant altar of Vehumet.
  6707 | D:4      | Became a worshipper of Vehumet
  7841 | D:3      | Paralysed by Grinder for 7 turns
  7853 | D:3      | Killed Grinder
  7854 | D:3      | Reached skill level 5 in Dodging
  7854 | D:3      | Reached skill level 5 in Spellcasting
  7854 | D:3      | Reached skill level 7 in Ice Magic
  8229 | D:5      | Entered Level 5 of the Dungeon
  8264 | D:5      | Reached XP level 8. HP: 32/52 MP: 6/15
  8269 | D:5      | Learned a level 4 spell: Hailstorm
  8835 | D:5      | Noticed Menkaure
  8848 | D:6      | Slain by a gnoll shaman

Illustrated notes

Levels and vault maps discovered:
D:1:      lemuel_arrival_tunnels, layout_basic, basic_ecumenical_altar,
          minmay_misc_feat_tiny
D:2:      minmay_skewed_foursquare, layout_loops_ring, basic_altar,
          minmay_joined_circles, uniq_robin
D:3:      cheibrodos_greedy_goblins, layout_basic, grunt_ministairs_6,
          skrybe_limestone_x, uniq_grinder
D:4:      layout_basic, nicolae_vehumet_radiance, minmay_temple_entry_ruins,
          minmay_ogre_servants, uniq_natasha
D:5:      minmay_inner_zag, layout_layer_cave, kennysheep_small_spiral,
          cheibrodos_gnoll_hut, uniq_menkaure
D:6:      layout_gridville
Temple:   cyrus_circular_temple

Skill      XL: |  1  2  3  4  5  6  7 |
---------------+----------------------+-----
Dodging        | 3 4 5 |  5.8
Ice Magic      | 5 6 7 |  7.6
Spellcasting   | 3 4 5 |  5.5
Stealth        | 3 4 |  4.0
Conjurations   | |  0.8

Action                   |  1- 3 |  4- 6 |  7- 9 || total
-------------------------+-------+-------+-------++-------
Melee: Unarmed           |    31 |    48 |       ||    79
       Trident           |       |    15 |    61 ||    76
       Punch             |       |     1 |       ||     1
 Cast: Freeze            |    58 |    64 |    20 ||   142
       Frozen Ramparts   |     1 |    14 |     9 ||    24
       Ozocubu's Armour  |       |     3 |     2 ||     5
 Stab: Sleeping          |     3 |     1 |     2 ||     6
Armor: Robe              |    14 |    27 |    22 ||    63
Dodge: Dodged            |    55 |   118 |    67 ||   240
